 Dungeon Crawl Stone Soup version 0.17-a0-633-gcf22183 (webtiles) character file.

22291 SuicideKing the Nimble (level 12, -18/69 HPs)
             Began as a Deep Elf Wizard on Apr 16, 2015.
             Was an Elder of Sif Muna.
             Demolished by a black mamba (19 damage)
             ... on level 5 of the Lair of Beasts on Apr 17, 2015.
             The game lasted 02:31:27 (18778 turns).

SuicideKing the Nimble (Deep Elf Wizard)           Turns: 18778, Time: 02:31:28

Health: -18/69     AC:  8    Str:  8    XL:     12   Next: 61%
Magic:  3/28       EV: 24    Int: 33    God:    Sif Muna [****..]
Gold:   725        SH:  0    Dex: 20    Spells: 9 memorised, 8 levels left

rFire  . . .     SeeInvis .     a - +1 rapier "Plog" {pain, Dex+7}
rCold  . . .     Clarity  .     r - +2 robe {MR+}
rNeg   . . .     SustAb   .     (no shield)
rPois  .         Gourm    .     b - +0 hat
rElec  .         Spirit   .     g - +0 cloak
rCorr  .         Warding  .     s - +1 pair of gloves
rMut   .         Stasis   .     Z - +0 pair of boots of Guimad {Str+4 Int+2}
MR     ++...                    C - amulet of regeneration
Stlth  +++.......               y - +2 ring of intelligence
                                f - +5 ring of slaying

@: lethally poisoned (-18 -> -20), repel missiles, very resistant to hostile
enchantments, fairly stealthy
A: no striking features
a: Channel Energy, Forget Spell, Renounce Religion


You were on level 5 of the Lair of Beasts.
You worshipped Sif Muna.
Sif Muna was greatly pleased with you.
You were hungry.

You visited 3 branches of the dungeon, and saw 15 of its levels.

You collected 725 gold pieces.

Inventory:

Hand weapons
 a - the +1 rapier "Plog" (weapon) {pain, Dex+7}
   (You found it on level 8 of the Dungeon)

   In the hands of one skilled in necromantic magic, it inflicts extra damage on
   living creatures.
   It affects your dexterity (+7).
Armour
 b - a +0 hat (worn)
 g - a +0 cloak (worn)
 r - a +2 robe of magic resistance (worn)
 s - a +1 pair of gloves (worn)
 S - the +2 leather armour of Recvok {rPois}
   (You found it on level 6 of the Dungeon)

   It protects you from poison.
 Z - the +0 pair of boots of Guimad (worn) {Str+4 Int+2}
   (You found it on level 8 of the Dungeon)

   It affects your strength (+4).
   It affects your intelligence (+2).
Magical staves
 H - an uncursed staff of energy
Jewellery
 f - a +5 ring of slaying (left hand)
 k - an uncursed ring of poison resistance
 o - an uncursed ring of ice
 y - a +2 ring of intelligence (right hand)
 C - an amulet of regeneration (around neck)
Magical devices
 i - a wand of slowing (25)
 v - a wand of random effects (26)
 G - a wand of cold (4)
 R - a wand of flame (13)
Scrolls
 j - 5 scrolls of remove curse
 l - a scroll of identify
 q - a scroll of random uselessness {unknown}
 t - 2 scrolls of blinking
 D - 2 scrolls of fear
Potions
 e - a potion of might {unknown}
 w - a potion of heal wounds
Books
 c - a book of Minor Magic

   Spells                             Type                      Level
   a - Magic Dart                     Conjuration                  1
   b - Blink                          Translocation                2
   c - Call Imp                       Summoning                    2
   d - Repel Missiles                 Charms/Air                   2
   e - Slow                           Hexes                        2
   f - Conjure Flame                  Conjuration/Fire             3
   g - Mephitic Cloud                 Conjuration/Poison/Air       3
 n - a book of Power

   Spells                             Type                      Level
   a - Fulminant Prism                Conjuration/Hexes            4
   b - Iskenderun's Mystic Blast      Conjuration                  4
   c - Venom Bolt                     Conjuration/Poison           5
   d - Bolt of Magma                  Conjuration/Fire/Earth       5
   e - Iron Shot                      Conjuration/Earth            6
   f - Orb of Destruction             Conjuration                  7
   g - Spellforged Servitor           Conjuration/Summoning        7
 P - a book of Cantrips

   Spells                             Type                      Level
   a - Corona                         Hexes                        1
   b - Animate Skeleton               Necromancy                   1
   c - Summon Small Mammal            Summoning                    1
   d - Apportation                    Translocation                1
 Q - a book of Death

   Spells                             Type                      Level
   a - Corpse Rot                     Necromancy                   2
   b - Sublimation of Blood           Necromancy                   2
   c - Agony                          Necromancy                   5
   d - Dispel Undead                  Necromancy                   5
   e - Excruciating Wounds            Charms/Necromancy            5
   f - Bolt of Draining               Conjuration/Necromancy       5
Miscellaneous
 B - an ornate deck of wonders
Comestibles
 d - 7 bread rations
 h - a beef jerky
 m - a slice of pizza
 z - a royal jelly
 V - 13 fruits


   Skills:
 + Level 5.8 Fighting
 - Level 3.5 Armour
 * Level 13.0 Dodging
 - Level 2.4 Stealth
 + Level 10.2 Spellcasting
 + Level 7.6 Conjurations
 - Level 5.0 Charms
 - Level 5.3 Summonings
 + Level 7.4 Necromancy
 - Level 3.4 Translocations
 - Level 4.8 Fire Magic
 - Level 4.7 Air Magic
 - Level 5.9 Poison Magic
 + Level 2.6 Invocations


You had 8 spell levels left.
You knew the following spells:

 Your Spells              Type           Power        Failure   Level  Hunger
a - Magic Dart            Conj           ####         1%          1    None
b - Blink                 Tloc           N/A          1%          2    None
c - Repel Missiles        Chrm/Air       #####.       1%          2    None
d - Mephitic Cloud        Conj/Pois/Air  ######..     1%          3    None
e - Call Imp              Summ           ######..     1%          2    None
f - Conjure Flame         Conj/Fire      ######..     1%          3    None
g - Apportation           Tloc           #####.....   1%          1    None
h - Bolt of Draining      Conj/Necr      ######....   3%          5    ###....
i - Iskenderun's Mystic   Conj           ######..     1%          4    None


Dungeon Overview and Level Annotations

Branches:
Dungeon (9/15)             Temple (1/1) D:7            Lair (5/8) D:9
  Snake (0/5) Lair:5
  Swamp: Lair:3-6    Shoals: Lair:3-6       Orc: D:9-12

Altars:
Ashenzari
Dithmenos
Elyvilon
Fedhas
Gozag
Kikubaaqudgha
Makhleb
Nemelex Xobeh
Okawaru
Qazlal
Ru
Sif Muna
Trog
Vehumet
Yredelemnul
Zin


Message History

Press: ? - help, Shift-Dir - straight line, f/p - black mamba
Aim: a black mamba (heavily wounded)
The orb of energy misses the black mamba.
The orb of energy explodes!
The mystic blast hits the water moccasin.
The water moccasin is lightly wounded.
You feel sick.
You feel sick. The black mamba completely misses you.
You feel sick. The black mamba closely misses you. The black mamba misses you.
The water moccasin misses you.
You feel sick.
You feel sick. The black mamba bites you.
* * * LOW HITPOINT WARNING * * *
The water moccasin closely misses you. The black mamba misses you.
You feel sick. The black mamba bites you!
* * * LOW HITPOINT WARNING * * *
The water moccasin bites you!
* * * LOW HITPOINT WARNING * * *
The black mamba bites you!!
You die...

###...#### ####.....
#######.##...#.####### #.#..#...
...................P..###.÷#.....
.##.....§†#....................
..PPP.......#.......##..#.P..##..
PPPP.#.P..####...P.##..########.
#####...### ###....#..#..#.....
#.### ##S.....###....... ##
#@S..#....#P..#.##
####..........#### #.##...P.####
## ###.### ###


You could see a black mamba and a water moccasin.

Vanquished Creatures
  Harold (Lair:3)
  A hydra (Lair:5)
  Urug (Lair:4)
  Pikel (D:4)
  An oklob plant (Lair:5)
  6 spiny frogs
  The ghost of ZiggyStardust the Shield-Bearer, an experienced FoFi (D:5)
  10 black mambas
  4 komodo dragons
  A fire drake (Lair:5)
  17 blink frogs
  Sigmund (D:2)
  7 yaks
  A deep elf mage (D:9)
  Eustachio (D:6)
  A hungry ghost (D:7)
  3 hippogriffs
  13 wolves
  An orc warrior (D:6)
  2 ice beasts
  A phantom (D:4)
  12 water moccasins
  8 porcupines
  A necrophage (D:6)
  2 centaurs (D:8)
  3 ogres
  10 crocodiles
  7 giant frogs
  A scorpion (D:5)
  A troll skeleton (D:9)
  5 killer bees
  4 crimson imps
  4 hounds
  2 giant frog zombies
  2 centaur skeletons (D:9)
  3 orc priests
  A gnoll shaman (D:9)
  A giant frog skeleton (D:4)
  4 orc wizards
  7 iguanas
  Natasha (thrice) (D:2)
  5 worker ants
  22 sheep
  A hound skeleton (D:7)
  A hound zombie (D:6)
  13 adders
  27 river rats
  A worker ant zombie (D:6)
  10 gnolls
  A shadow imp (D:3)
  2 white imps
  An ooze (D:7)
  An adder skeleton (D:7)
  2 worms
  4 giant geckos
  29 orcs
  2 bat zombies
  8 giant cockroaches
  17 hobgoblins
  7 jackals
  5 quokkas
  4 ball pythons
  19 bats
  9 giant newts
  A giant spore (D:8)
  11 goblins
  A jackal skeleton (D:7)
  7 kobolds
  9 rats
  2 fungi
  A plant (Lair:5)
379 creatures vanquished.

Vanquished Creatures (collateral kills)
  A spiny frog (Lair:1)
  A giant frog (Lair:1)
  A killer bee (D:7)
  An orc priest (D:6)
  2 river rats (Lair:2)
  An orc (D:6)
7 creatures vanquished.

Vanquished Creatures (others)
  11 crimson imps
  2 iron imps (Lair:1)
  3 shadow imps
  6 white imps
  4 fungi
  A plant (Lair:4)
27 creatures vanquished.

Grand Total: 413 creatures vanquished

Notes
Turn   | Place    | Note
--------------------------------------------------------------
     0 | D:1      | SuicideKing, the Deep Elf Wizard, began the quest for the Orb.
     0 | D:1      | Reached XP level 1. HP: 10/10 MP: 7/7
   447 | D:1      | Reached XP level 2. HP: 16/16 MP: 5/9
   455 | D:1      | Learned a level 2 spell: Blink
   458 | D:1      | Learned a level 2 spell: Repel Missiles
  1127 | D:2      | Noticed Natasha
  1317 | D:2      | Reached XP level 3. HP: 12/20 MP: 9/11
  1643 | D:2      | Reached skill level 1 in Fighting
  1643 | D:2      | Reached skill level 5 in Spellcasting
  1654 | D:2      | Learned a level 3 spell: Mephitic Cloud
  1657 | D:2      | Learned a level 2 spell: Call Imp
  1844 | D:2      | Reached XP level 4. HP: 23/25 MP: 2/13
  2081 | D:2      | Killed Natasha
  2081 | D:2      | Reached skill level 1 in Poison Magic
  2191 | D:2      | Noticed Natasha
  2195 | D:2      | Killed Natasha
  2318 | D:2      | Reached XP level 5. HP: 29/29 MP: 3/14
  2320 | D:2      | Noticed Natasha
  2323 | D:2      | Learned a level 3 spell: Conjure Flame
  2325 | D:2      | Killed Natasha
  2425 | D:2      | Reached skill level 1 in Air Magic
  2641 | D:2      | Noticed Sigmund
  2668 | D:2      | Killed Sigmund
  2668 | D:2      | Reached XP level 6. HP: 4/35 MP: 7/16
  3366 | D:3      | Found a burning altar of Makhleb.
  3366 | D:3      | Noticed an Executioner
  4050 | D:4      | Reached skill level 5 in Dodging
  4050 | D:4      | Reached XP level 7. HP: 26/40 MP: 2/17
  4286 | D:4      | Noticed Pikel
  4532 | D:4      | Killed Pikel
  4532 | D:4      | Reached skill level 6 in Spellcasting
  4726 | D:5      | Entered Level 5 of the Dungeon
  4728 | D:5      | Noticed ZiggyStardust's ghost (experienced FoFi)
  4850 | D:5      | Reached XP level 8. HP: 45/45 MP: 15/19
  4858 | D:5      | Reached skill level 1 in Charms
  5464 | D:5      | Found a bloodstained altar of Trog.
  5614 | D:5      | Killed ZiggyStardust's ghost
  6513 | D:6      | Reached skill level 1 in Fire Magic
  6805 | D:6      | Noticed Eustachio
  6846 | D:6      | Killed Eustachio
  6846 | D:6      | Reached XP level 9. HP: 51/51 MP: 4/21
  7107 | D:6      | Got a crude leather armour
  7128 | D:6      | Found a stormy altar of Qazlal.
  7463 | D:6      | Reached skill level 7 in Dodging
  7904 | D:7      | Found a staircase to the Ecumenical Temple.
  7921 | Temple   | Entered the Ecumenical Temple
  8102 | Temple   | Became a worshipper of Sif Muna the Loreminder
  8103 | Temple   | Identified the +2 leather armour of Recvok {rPois} (You found it on level 6 of the Dungeon)
  8932 | D:7      | Found a basalt altar of Yredelemnul.
  9135 | D:8      | Got a pair of slimy boots
  9147 | D:8      | Got a crystal rapier
  9148 | D:8      | Identified the cursed +1 rapier "Plog" {pain, Dex+7} (You found it on level 8 of the Dungeon)
  9149 | D:8      | Identified the +0 pair of boots of Guimad {Str+4 Int+2} (You found it on level 8 of the Dungeon)
  9190 | D:8      | Reached skill level 1 in Armour
  9197 | D:8      | Reached skill level 5 in Conjurations
  9384 | D:8      | Reached skill level 5 in Poison Magic
  9629 | D:8      | Reached skill level 8 in Dodging
  9715 | D:9      | Found a staircase to the Lair.
  9937 | D:9      | Acquired Sif Muna's first power
  9946 | D:9      | Found a runed door.
 10027 | Lair:1   | Entered Level 1 of the Lair of Beasts
 10038 | Lair:1   | Reached XP level 10. HP: 56/56 MP: 19/23
 10140 | Lair:1   | Noticed a komodo dragon
 10839 | Lair:1   | Noticed a spiny frog
 10860 | Lair:1   | Killed a spiny frog
 10885 | Lair:1   | Noticed a spiny frog
 11154 | Lair:1   | Killed a spiny frog
 11154 | Lair:1   | Reached skill level 5 in Summonings
 11273 | Lair:1   | Killed a komodo dragon
 11273 | Lair:1   | Reached skill level 9 in Dodging
 11278 | Lair:1   | Acquired Sif Muna's second power
 11674 | Lair:1   | Noticed a spiny frog
 12035 | Lair:1   | Killed a spiny frog
 12035 | Lair:1   | Reached XP level 11. HP: 62/62 MP: 15/25
 12604 | Lair:2   | Reached skill level 10 in Dodging
 12709 | Lair:2   | Reached skill level 1 in Invocations
 13384 | Lair:2   | Reached skill level 5 in Fighting
 14173 | Lair:3   | Noticed Harold
 14250 | Lair:3   | Killed Harold
 14792 | Lair:3   | Reached skill level 5 in Charms
 14884 | Lair:4   | Learned a level 1 spell: Apportation
 14890 | Lair:4   | Learned a level 5 spell: Bolt of Draining
 14911 | Lair:4   | Noticed Urug
 14920 | Lair:4   | Killed Urug
 15176 | Lair:4   | Reached skill level 11 in Dodging
 15249 | Lair:4   | Reached skill level 5 in Necromancy
 15280 | Lair:4   | Found a labyrinth entrance.
 15315 | Lair:4   | Upgraded the game from 0.17-a0-622-g12d63cc to 0.17-a0-633-gcf22183
 15508 | Lair:4   | Learned a level 4 spell: Iskenderun's Mystic Blast
 16359 | Lair:4   | Reached XP level 12. HP: 60/68 MP: 4/27
 16618 | Lair:4   | Reached skill level 12 in Dodging
 17012 | Lair:5   | Acquired Sif Muna's third power
 18011 | Lair:5   | Noticed a four-headed hydra
 18445 | Lair:5   | Reached skill level 10 in Spellcasting
 18558 | Lair:5   | Noticed a six-headed hydra
 18561 | Lair:5   | Killed a six-headed hydra
 18561 | Lair:5   | Reached skill level 13 in Dodging
 18697 | Lair:5   | Found a staircase to the Snake Pit.
 18778 | Lair:5   | HP: 1/69 [water moccasin (7)]
 18778 | Lair:5   | Demolished by a black mamba

Action                   |  1- 3 |  4- 6 |  7- 9 | 10-12 || total
-------------------------+-------+-------+-------+-------++-------
Melee: Hand axe          |     7 |     1 |       |       ||     8
       Spear             |       |    19 |    90 |       ||   109
       Dagger            |       |       |    26 |       ||    26
       Rapier            |       |       |    33 |   284 ||   317
 Cast: Magic Dart        |    70 |   144 |   371 |   289 ||   874
       Mephitic Cloud    |     3 |     8 |    37 |    26 ||    74
       Blink             |       |     2 |    12 |    41 ||    55
       Call Imp          |       |     2 |     4 |    32 ||    38
       Conjure Flame     |       |       |    20 |    33 ||    53
       Repel Missiles    |       |       |     1 |       ||     1
       Bolt of Draining  |       |       |       |    33 ||    33
       Iskenderun's Myst |       |       |       |   102 ||   102
Invok: Channel Energy    |       |       |       |    73 ||    73
  Use: Potion            |     2 |       |     2 |     3 ||     7
       Scroll            |       |       |     8 |     6 ||    14
 Stab: Sleeping          |       |     2 |     1 |       ||     3
       Confused          |       |     3 |     1 |     5 ||     9
  Eat: Chunk             |     3 |     5 |    21 |    44 ||    73
       Beef jerky        |       |     1 |       |       ||     1
       Fruit             |       |       |     1 |     2 ||     3
